 Dungeon Crawl Stone Soup version 0.19.5 (webtiles) character file.

202 Hybris the Cudgeler (level 5, 0/45 HPs)
             Began as a Hill Orc Abyssal Knight on Mar 29, 2017.
             Was a Priest of Lugonu.
             Succumbed to a kobold's poison
             ... on level 3 of the Dungeon.
             The game lasted 00:05:16 (2330 turns).

Hybris the Cudgeler (Hill Orc Abyssal Knight)       Turns: 2330, Time: 00:05:17

Health: 0/45       AC:  6    Str: 16    XL:     5   Next: 80%
Magic:  4/6        EV: 11    Int: 12    God:    Lugonu [***...]
Gold:   116        SH:  0    Dex: 10    Spells: 0 memorised, 4 levels left

rFire  . . .     SeeInvis .     a - +1 mace
rCold  . . .     Gourm    .     b - +0 leather armour
rNeg   . . .     Faith    .     (no shield)
rPois  .         Spirit   .     d - +2 helmet
rElec  .         Reflect  .     (no cloak)
rCorr  .         Harm     .     (no gloves)
MR     .....                    (no boots)
Stlth  +.........               (no amulet)
                                (no ring)
                                (no ring)

@: lethally poisoned (0 -> -4)
A: no striking features
a: Depart the Abyss, Bend Space, Banish, Renounce Religion


You were on level 3 of the Dungeon.
You worshipped Lugonu.
Lugonu was most pleased with you.
You were not hungry.

You visited 1 branch of the dungeon, and saw 3 of its levels.
You visited the Abyss 1 time.

You collected 116 gold pieces.

Inventory:

Hand Weapons
 a - a +1 mace (weapon)
Armour
 b - a +0 leather armour (worn)
 d - a +2 helmet (worn)
Jewellery
 w - a +3 amulet of reflection {unknown}
Scrolls
 e - a scroll of teleportation {unknown}
 g - 2 scrolls of remove curse {unknown}
 j - a scroll of enchant weapon {unknown}
 m - 2 scrolls of recharging {unknown}
 s - a scroll of identify {unknown}
 t - a scroll of noise {unknown}
Potions
 f - a potion of flight {unknown}
 h - a potion of might {unknown}
 i - a potion of brilliance {unknown}
 l - a potion of ambrosia {unknown}
 o - a potion of agility {unknown}
 q - 2 potions of lignification {unknown}
 u - 2 potions of beneficial mutation {unknown}
Books
 v - a book of Cantrips

   Spells                             Type                      Level
   a - Confusing Touch                Hexes                        1
   b - Animate Skeleton               Necromancy                   1
   c - Summon Small Mammal            Summoning                    1
   d - Apportation                    Translocation                1
Comestibles
 c - 5 bread rations
 k - 3 meat rations
 n - 4 chunks of flesh
 p - 4 fruits
 r - a beef jerky


   Skills:
 - Level 3.6 Fighting
 * Level 6.4 Maces & Flails
 - Level 2.1 Armour
 - Level 0.7 Dodging
 - Level 2.4 Invocations


You had 4 spell levels left.
You didn't know any spells.

Dungeon Overview and Level Annotations

Branches:
Dungeon (3/15)

Altars:


Message History

The iguana is lightly wounded.
The iguana bites you.
You completely miss the iguana.
The iguana is lightly wounded.
You feel sick. The iguana bites you!
* * * LOW HITPOINT WARNING * * *
You are too injured to fight recklessly!
You are too injured to fight recklessly!
You are too injured to fight recklessly!
You are too injured to fight recklessly!
You are too injured to fight recklessly!
You are too injured to fight recklessly!
You are too injured to fight recklessly!
Okay, then.
Space bends around you!
You blink.
* * * LOW HITPOINT WARNING * * *
The iguana barely misses you. Space bends around you!
You blink.
* * * LOW HITPOINT WARNING * * *
You die...

#...# #.##....#
#...# ###)...#
########.§.####
#..§l..#
#)###.## #.#
#.# ..# #.#
##..####.####
.......@....#
###.........#
#..>......#
#.........#
#.........#
#####.##### ..#
.##


There were no monsters in sight!

Vanquished Creatures
  Jessica (D:2)
  Natasha (D:3)
  7 adders (D:2)
  A worm (D:2)
  3 dart slugs
  5 leopard geckos
  4 giant cockroaches (D:1)
  4 goblins
  10 hobgoblins
  10 jackals
  5 kobolds
  3 quokkas
  2 ball pythons
  5 bats (D:1)
  6 frilled lizards
  A jackal skeleton (D:1)
  9 rats
77 creatures vanquished.

Notes
Turn   | Place    | Note
-------+----------+-------------------------------------------
     0 | Abyss:1  | Hybris the Hill Orc Abyssal Knight began the quest for the Orb.
     0 | Abyss:1  | Reached XP level 1. HP: 19/19 MP: 2/2
     0 | D:1      | Escaped the Abyss
   135 | D:1      | Reached XP level 2. HP: 23/26 MP: 3/3
   141 | D:1      | Reached skill level 3 in Maces & Flails
   151 | D:1      | Reached * piety under Lugonu
   415 | D:1      | Reached XP level 3. HP: 16/31 MP: 4/4
   656 | D:1      | Reached skill level 4 in Maces & Flails
   941 | D:1      | Reached ** piety under Lugonu
  1142 | D:2      | Reached XP level 4. HP: 33/39 MP: 5/5
  1469 | D:2      | Reached skill level 5 in Maces & Flails
  1784 | D:2      | Noticed Jessica
  1787 | D:2      | Killed Jessica
  1787 | D:2      | Reached XP level 5. HP: 45/45 MP: 6/6
  2085 | D:2      | Reached skill level 6 in Maces & Flails
  2282 | D:3      | Noticed Natasha
  2294 | D:3      | Killed Natasha
  2294 | D:3      | Reached *** piety under Lugonu
  2330 | D:3      | HP: 1/45 [spatial distortion (3)]
  2330 | D:3      | Succumbed to a kobold's poison

Skill      XL: |  1  2  3  4  5 |
---------------+----------------+-----
Maces & Flails | 3 4 5 6 |  6.4
Fighting       | |  3.6
Armour         | |  2.1
Dodging        | |  0.7
Invocations    | |  2.4

Action                   |  1- 3 |  4- 6 || total
-------------------------+-------+-------++-------
Melee: Mace              |   129 |   143 ||   272
Invok: Depart the Abyss  |     1 |       ||     1
       Bend Space        |       |     2 ||     2
  Eat: Chunk             |     1 |     4 ||     5
Armor: Leather armour    |    45 |    51 ||    96
Dodge: Dodged            |   115 |    90 ||   205
